AoeStats
← zlk*********************

Arabia

507534197Analyzed
2v2 RM · 14d ago on Sep 18, 2026· 47m 11s· 4 players
Game mode
Random Map
Map size
Medium (4 player)
Population
200
Speed
Normal
Resources
Standard
Victory
Conquest
Starting age
Dark Age
Ending age
Imperial Age
RankedLock teamsTeams togetherTeam positionsShared explorationLock speedFull tech treeHidden civsTurbo modeCheats
Victory
Defeat
🇩🇪 Vikings · Germany
857
+17
🇩🇪 Gurjaras · Germany
856
+18
🇷🇴 Mongols · Romania
909
-18
🇷🇴 Magyars · Romania
879
-17
Fürst-Pückler-Eis
4:54 Loom
11:23 Feudal Age
12:03 Horse Collar
12:12 Double-Bit Axe
20:25 Castle Age
19:26 Fletching
20:02 Padded Archer Armor
20:31 Gold Mining
23:04 Pikeman
23:45 Squires
23:38 Guard Tower
24:08 Ballistics
25:40 Town Watch
26:20 Bodkin Arrow
27:52 Scale Mail Armor
28:58 Murder Holes
29:49 Chain Mail Armor
29:49 Town Patrol
31:21 Forging
32:13 Treadmill Crane
33:34 Iron Casting
33:37 Leather Archer Armor
39:27 Imperial Age
37:28 Masonry
38:17 Chieftains
39:24 Gold Shaft Mining
40:07 Bracer
40:33 Stone Mining
41:54 Chemistry
42:12 Architecture
43:38 Bow Saw
44:02 Siege Engineers
46:30 Blast Furnace
Batista
4:10 Loom
10:45 Feudal Age
11:26 Horse Collar
11:33 Double-Bit Axe
15:04 Wheelbarrow
17:12 Fletching
21:41 Castle Age
20:38 Padded Archer Armor
20:56 Scale Mail Armor
21:48 Arson
22:37 Bodkin Arrow
24:36 Town Watch
25:11 Chain Mail Armor
25:15 Leather Archer Armor
24:44 Elite Skirmisher
37:50 Imperial Age
35:50 Scale Barding Armor
36:56 Guard Tower
37:44 Bloodlines
37:35 Husbandry
38:27 Ballistics
38:03 Murder Holes
39:26 Masonry
40:38 Bracer
42:32 Keep
43:32 Architecture
42:37 Elite Shrivamsha Rider
42:41 Heavy Camel Rider
44:47 Chain Barding Armor
44:38 Forging
46:20 Plate Barding Armor
46:38 Frontier Guards
47:13 Conscription
zlk*********************
10:21 Feudal Age
11:28 Horse Collar
11:36 Double-Bit Axe
19:48 Wheelbarrow
19:42 Bloodlines
24:36 Castle Age
25:49 Gold Mining
26:10 Scale Barding Armor
30:52 Man-at-Arms
33:09 Light Cavalry
35:05 Stone Mining
41:34 Imperial Age
39:20 Long Swordsman
45:35 Scale Mail Armor
Bogdajjke.
10:40 Feudal Age
16:04 Fletching
17:05 Town Watch
17:36 Double-Bit Axe
23:39 Castle Age
22:44 Padded Archer Armor
30:53 Bloodlines
34:27 Scale Barding Armor
34:28 Murder Holes
36:34 Elite Skirmisher
44:01 Imperial Age
Connection lost

Rejoining the realm…

Still unreachable

The connection could not be restored.

Session expired

The server has moved on; the page needs a fresh start.